 Dungeon Crawl Stone Soup version 0.29.1-1-gd02db6906a (webtiles) character file.

Game seed: 3044407805977808279

1989 EvilAshe the Cleaver (level 9, -6/78 HPs)
             Began as a Hill Orc Berserker on Sept 23, 2022.
             Was a Believer of Trog.
             Mangled by a kobold brigand
             ... wielding a +2 dagger of speed
              (8 damage)
             ... on level 7 of the Dungeon on Sept 24, 2022.
             The game lasted 00:21:55 (6714 turns).

EvilAshe the Cleaver (Hill Orc Berserker)           Turns: 6714, Time: 00:21:56

Health: -6/78      AC:  1    Str: 26    XL:     9   Next: 21%
Magic:  9/9        EV: 10    Int:  7    God:    Trog [**....]
Gold:   321        SH:  0    Dex: 10    Spells: 8/8 levels left

rFire   . . .      SeeInvis .   a - +0 hand axe
rCold   + . .      Faith    .   (no shield)
rNeg    . . .      Spirit   .   A - +1 scale mail "Ohesead" {+Inv rC+ Str+2}
rPois   .          Reflect  .   (no helmet)
rElec   .          Harm     .   (no cloak)
rCorr   .          Rampage  .   (no gloves)
Will    ++...                   x - +0 pair of boots
Stlth   ..........              (no amulet)
HPRegen 1.23/turn               (no ring)
MPRegen 0.11/turn               (no ring)

@: lethally poisoned (-6 -> -7), strong-willed, corroded, on berserk cooldown,
regenerating, slowed, very slow
A: no striking features
a: Renounce Religion, Evoke Invisibility, Berserk, Trog's Hand


You were on level 7 of the Dungeon.
You worshipped Trog.
Trog was pleased with you.
You visited 1 branch of the dungeon, and saw 8 of its levels.

You collected 321 gold pieces.

Inventory:

Hand Weapons
 a - a +0 hand axe (weapon)
Missiles
 f - 14 poisoned darts (quivered)
Armour
 b - a +0 animal skin
 m - the +0 ring mail of Shielding {Will+ Str+2 Dex-5 Slay+5}
   (You found it on level 2 of the Dungeon)

   Str:       It affects your strength (+2).
   Dex:       It affects your dexterity (-5).
   Slay:      It affects your accuracy & damage with ranged weapons and melee
   (+5).
   Will:      It increases your willpower.
 o - a +0 plate armour
 x - a +0 pair of boots (worn)
 A - the +1 scale mail "Ohesead" (worn) {+Inv rC+ Str+2}
   (You found it on level 7 of the Dungeon)

   Str:       It affects your strength (+2).
   rC:        It protects you from cold.
   +Inv:      It lets you turn invisible.
Jewellery
 s - a ring of ice
 v - a ring of protection from fire
 w - a ring of ice
 z - a ring of resist corrosion
Wands
 t - a wand of paralysis (8)
 u - a wand of flame (21)
Scrolls
 d - 2 scrolls of teleportation {unknown}
 e - a scroll of immolation {unknown}
 g - 2 scrolls of vulnerability {unknown}
 h - 2 scrolls of summoning {unknown}
 i - 3 scrolls of magic mapping {unknown}
 j - 10 scrolls of identify {unknown}
 k - 5 scrolls of butterflies {unknown}
 p - 2 scrolls of enchant weapon {unknown}
 y - a scroll of poison {unknown}
Potions
 c - 3 potions of heal wounds {unknown}
 l - 2 potions of curing {unknown}
 n - a potion of attraction {unknown}
 q - a potion of might {unknown}
 r - a potion of haste {unknown}
 B - a potion of cancellation {unknown}


   Skills:
 + Level 6.7 Fighting
 + Level 13.0 Axes
 + Level 5.5 Armour
 - Level 1.5 Dodging


You had 8 spell levels left.
You didn't know any spells.
Your spell library was empty.

Dungeon Overview and Level Annotations

Branches:
Dungeon (8/15)             Temple (0/1) D:4
   Lair: D:8-11

Altars:
Elyvilon
Fedhas
Hepliaklqana
Qazlal
Sif Muna

Shops:
D:5 :   D:8 [

Annotations:
D:4 exclusion: downstairs


Message History

An orc comes into view. It is wielding a +0 club.
You hit the kobold brigand.
The kobold brigand is heavily wounded.
You hit the jelly.
Your hands burn!
You feel very sick.
The kobold brigand completely misses you.
The jelly hits you but does no damage.
You hit the jelly. The acid corrodes you!
Your hands burn!
The jelly is heavily wounded.
You barely miss the kobold brigand.
You feel very sick. The kobold brigand closely misses you.
The jelly hits you but does no damage.
The kobold brigand hits you with a +2 dagger of speed.
The shadow imp shouts!
You hit the jelly but do no damage. The acid corrodes you!
Your hands burn!
The jelly is heavily wounded.
You hit the kobold brigand but do no damage.
You barely miss the orc.
You feel sick.
You hear a shout!
The kobold brigand hits you with a +2 dagger of speed.
* * * LOW HITPOINT WARNING * * *
The jelly closely misses you. The orc hits you with a +0 club.
* * * LOW HITPOINT WARNING * * *
You hit the jelly but do no damage.
Your hands burn!
* * * LOW HITPOINT WARNING * * *
The jelly is heavily wounded.
You hit the kobold brigand but do no damage.
You closely miss the orc.
You feel sick. The kobold brigand misses you. The jelly barely misses you.
The orc hits you with a +0 club.
* * * LOW HITPOINT WARNING * * *
The kobold brigand hits you with a +2 dagger of speed!
* * * LOW HITPOINT WARNING * * *
Okay, then.
You slash the jelly!
You kill the jelly!
Trog accepts your kill.
You hit the kobold brigand but do no damage.
You completely miss the orc.
You feel sick.
The kobold brigand hits you with a +2 dagger of speed!
You die...

#...........
#............
#...<....P._
##............
#...........
###.............
#...........
##...............
#..).......#
###.K####...F.####.
#.........## ##..))#
##..K## #.
#.......######..##.#
##.## #. #..######
#...K##)## #.# #.
#...# ...#o@#..##
#.# #.. #...# ..
##.#...###.Kg #...
....# . #.......5.8.
..... >....
###5..###..J###K..
#####. #..## +#K#'
##.. . #.## #.#. ##.
. #.# #.# #.#


You could see a kobold brigand, a shadow imp and an orc.

Vanquished Creatures
  Grinder (D:4)
  A water moccasin (D:5)
  An orc warrior (D:6)
  4 black bears
  A centaur (D:7)
  An ogre (D:5)
  A kobold brigand (D:7)
  2 bullfrogs (D:7)
  3 scorpions (D:5)
  2 howler monkeys
  A hound (D:4)
  2 gnoll boudas
  2 jellies (D:7)
  3 iguanas
  Natasha (twice) (D:3)
  3 orc wizards
  9 gnolls (D:4)
  12 adders
  2 white imps (D:7)
  2 ufetubi
  A worm (D:2)
  A dart slug (D:4)
  4 orcs
  5 bats
  7 endoplasms
  4 giant cockroaches
  8 goblins
  9 hobgoblins
  3 jackals (D:2)
  7 quokkas
  8 ball pythons
  3 frilled lizards
  10 kobolds
  3 rats
128 creatures vanquished.

Vanquished Creatures (others)
  2 plants (D:1)
2 creatures vanquished.

Grand Total: 130 creatures vanquished

Notes
Turn   | Place    | Note
-------+----------+-------------------------------------------
     0 | D:1      | EvilAshe the Hill Orc Berserker began the quest for the
                  | Orb.
     0 | D:1      | Reached XP level 1. HP: 19/19 MP: 1/1
   242 | D:1      | Reached XP level 2. HP: 17/26 MP: 2/2
   382 | D:1      | Found a faded altar of an unknown god.
   521 | D:1      | Reached skill level 5 in Axes
   906 | D:1      | Reached XP level 3. HP: 27/31 MP: 3/3
  1546 | D:2      | Reached skill level 6 in Axes
  1845 | D:2      | Reached XP level 4. HP: 39/39 MP: 4/4
  1991 | D:2      | Reached ** piety under Trog
  2061 | D:2      | Identified the +0 ring mail of Shielding {Will+ Str+2 Dex-5
                  | Slay+5}
  2542 | D:2      | Reached skill level 7 in Axes
  2750 | D:2      | Reached XP level 5. HP: 39/45 MP: 5/5
  3034 | D:3      | Found a hazy altar of Hepliaklqana.
  3034 | D:3      | Noticed Natasha
  3045 | D:3      | Killed Natasha
  3303 | D:3      | Noticed Natasha
  3326 | D:3      | Killed Natasha
  3327 | D:3      | Reached skill level 8 in Axes
  3387 | D:5      | Entered Level 5 of the Dungeon
  3387 | D:5      | Noticed an ogre
  3387 | D:5      | Noticed a black bear
  3388 | D:5      | Noticed a black bear
  3507 | D:5      | Reached XP level 6. HP: 51/51 MP: 6/6
  3565 | D:4      | Found a staircase to the Ecumenical Temple.
  3603 | D:4      | Reached skill level 9 in Axes
  3693 | D:4      | Noticed Grinder
  3730 | D:4      | Killed Grinder
  3731 | D:4      | Reached skill level 10 in Axes
  3731 | D:4      | Reached XP level 7. HP: 22/57 MP: 7/7
  4696 | D:5      | Reached skill level 11 in Axes
  5093 | D:5      | Reached XP level 8. HP: 62/66 MP: 8/8
  5209 | D:5      | Reached skill level 12 in Axes
  5228 | D:5      | Found a white marble altar of Elyvilon.
  5229 | D:5      | Found a shimmering blue altar of Sif Muna.
  5234 | D:5      | Found a stormy altar of Qazlal.
  5260 | D:5      | Reached skill level 5 in Fighting
  5447 | D:5      | Found Nuidohos's Vocational Training.
  6195 | D:6      | Reached XP level 9. HP: 75/75 MP: 9/9
  6245 | D:7      | Found a blossoming altar of Fedhas.
  6255 | D:7      | Reached skill level 5 in Armour
  6345 | D:7      | Identified the +1 scale mail "Ohesead" {+Inv rC+ Str+2}
  6414 | D:6      | Noticed a six-headed hydra
  6466 | D:8      | Found Hol Vonugalo's Armour Emporium.
  6680 | D:7      | Reached skill level 13 in Axes
  6713 | D:7      | HP: 2/78 [kobold brigand/+2 dagger of speed (8)]
  6714 | D:7      | Mangled by a kobold brigand

Illustrated notes

Levels and vault maps discovered:
D:1:      minmay_arrival_pointy, layout_loops_ring,
          shapermc_ecumenical_altar_starsandcircs, serial_bayou_lake_a
D:2:      layout_basic, serial_corexii_hall, chequers_hall_statues_y,
          corexii_hall_statues_u, corexii_hall_statues_s,
          corexii_hall_statues_l, kennysheep_flooded_box, minmay_ruptured
D:3:      layout_basic, lemuel_round_altar, uniq_natasha
D:4:      layout_basic, minmay_temple_entry_wispy, uniq_grinder
D:5:      layout_rooms, nicolae_qazlal_scattered_showers,
          mainiacjoe_overflow_divided_tiny, nicolae_shop_vocational
D:6:      layout_basic, corexii_checkpoint_a, kennysheep_generic_room_13
D:7:      cheibrodos_barr_body, layout_cave_pods, mainiacjoe_overflow_alcove_2,
          amcnicky_altar_gilded, mainiacjoe_overflow_tiny_flanked,
          minmay_fractal_squares_diagonal_5
D:8:      layout_cave_pools, serial_shops, nicolae_shop_waterfront

Skill      XL: |  1  2  3  4  5  6  7  8  9 |
---------------+----------------------------+-----
Axes           | 5 6 7 8 10 11 12 13 | 13.0
Fighting       | 4 6 |  6.7
Armour         | 3 4 5 |  5.5
Dodging        | |  1.5

Action                   |  1- 3 |  4- 6 |  7- 9 || total
-------------------------+-------+-------+-------++-------
Melee: Hand axe          |   107 |   166 |   202 ||   475
       Punch             |     3 |       |     2 ||     5
Throw: Dart              |     5 |       |    40 ||    45
Invok: Berserk           |     2 |     3 |    13 ||    18
       Trog's Hand       |       |     3 |     7 ||    10
Evoke: Wand              |       |     1 |       ||     1
 Stab: Sleeping          |     2 |       |       ||     2
       Paralysed         |       |     3 |       ||     3
Armor: Animal skin       |    20 |     5 |       ||    25
       Plate armour      |       |    81 |   115 ||   196
       Ring mail         |       |     6 |       ||     6
       Scale mail        |       |       |     8 ||     8
Dodge: Dodged            |    50 |    36 |    88 ||   174
